 Dungeon Crawl Stone Soup version 0.30.1-11-g7821555f0a (webtiles) character file.

Game seed: 10763687547251361839

74 rundlesten the Sneak (level 4, 0/27 HPs)
             Began as an Octopode Hedge Wizard on Jan 5, 2024.
             Succumbed to miscasting Mephitic Cloud's poison
             ... on level 2 of the Dungeon.
             The game lasted 00:04:44 (1856 turns).

rundlesten the Sneak (Octopode Hedge Wizard)        Turns: 1856, Time: 00:04:45

Health: 0/27       AC:  1    Str: 10    XL:     4   Next: 30%
Magic:  3/9        EV: 13    Int: 20    God:
Gold:   117        SH:  0    Dex: 10    Spells: 5/9 levels left

rFire   . . .        g - +2 short sword (elec)
rCold   . . .        (no shield)
rNeg    . . .        b - +0 hat
rPois   .            (no amulet)
rElec   .            (no ring)
rCorr   .            (no ring)
SInv    .            (no ring)
Will    .....        (no ring)
Stlth   +++          (no ring)
HPRegen 0.24/turn    (no ring)
MPRegen 0.11/turn    (no ring)
                     (no ring)

%: no passive effects
@: lethally poisoned (0 -> -2), very slightly contaminated
A: almost no armour, amphibious, 8 rings, camouflage 1, gelatinous body 1,
(nimble swimmer 1), tentacles, clever 1
a: no special abilities


You were on level 2 of the Dungeon.
You visited 1 branch of the dungeon, and saw 2 of its levels.

You collected 117 gold pieces.

Inventory:

Hand Weapons
 a - a +0 dagger
 f - a +0 short sword
 g - a +2 short sword of electrocution (weapon)
Missiles
 e - 2 poisoned darts
Armour
 b - a +0 hat (worn)
Jewellery
 h - a ring of ice
Potions
 c - 3 potions of magic


   Skills:
 + Level 2.5 Dodging
 + Level 3.7 Stealth
 + Level 3.3 Spellcasting
 + Level 1.8 Conjurations
 - Level 1.0 Summonings
 - Level 1.0 Translocations
 * Level 1.0 Air Magic
 * Level 1.4 Poison Magic


You had 5 spell levels left.
You knew the following spells:

 Your Spells              Type           Power      Damage    Failure   Level
a - Magic Dart            Conj           40%        1d5       6%          1
b - Mephitic Cloud        Conj/Pois/Air  9%         N/A       22%         3

Your spell library contained the following spells:

 Spells                   Type           Power      Damage    Failure   Level
 Slow                     Hex            12%        N/A       14%         1
 Blink                    Tloc           14%        N/A       14%         2
 Call Imp                 Summ           14%        N/A       14%         2
 Cigotuvi's Dreadful Rot  Necr/Pois/Air  12%        N/A       16%         2


Dungeon Overview and Level Annotations

Branches:
Dungeon (2/15)

Altars:


Innate Abilities, Weirdness & Mutations

You cannot wear most types of armour.
You are amphibious.
You can wear up to eight rings at the same time.
Your skin changes colour to match your surroundings (Stealth+).
Your rubbery body absorbs attacks. (AC +1, EV +1)
((You are camouflaged when in or above water. (Stealth+)))
You have tentacles for arms and can constrict up to eight enemies at once.
Your mind is acute. (Int +4, Str/Dex -1)


Message History

You hit the orc wizard.
Lightning courses through the orc wizard!
You kill the orc wizard!
Your Air Magic skill increases to level 1!
Your Poison Magic skill increases to level 1!
You have reached level 4!
You closely miss the orc. You grab the orc. You squeeze the orc!
You kill the orc!
Casting: Magic Dart (safe; 9% risk of failure)
Confirm with . or Enter, or press ? or * to list all spells.
The spell is extremely dangerous to miscast (30% risk of failure)!
Continue anyway?
Aiming: Mephitic Cloud (extremely dangerous; 30% risk of failure)
Press: ? - help, Shift-Dir - straight line, f - orc priest
Aim: an orc priest, wielding a +1 dagger of venom and wearing a +0 ring mail (chance to affect: 86%)
You miscast Mephitic Cloud.
You are very lightly contaminated with residual magic.
Nothing appears to happen.
The orc priest mumbles some strange prayers to Beogh against you.
Pain shoots through your body!
Casting: Mephitic Cloud (extremely dangerous; 30% risk of failure)
Confirm with . or Enter, or press ? or * to list all spells.
The spell is extremely dangerous to miscast (30% risk of failure)!
Continue anyway?
Aiming: Mephitic Cloud (extremely dangerous; 30% risk of failure)
Press: ? - help, Shift-Dir - straight line, f/p - orc priest
Aim: an orc priest, wielding a +1 dagger of venom and wearing a +0 ring mail (chance to affect: 86%)
You miscast Mephitic Cloud.
You feel odd!
You are poisoned.
* * * LOW HITPOINT WARNING * * *
x2 You feel sick.
It was a potion of mutation.
You feel extremely strange.
You feel a hidden malignance growing inside you.
You no longer feel a malignance within.
You feel clever.
* * * LOW HITPOINT WARNING * * *
You feel sick. The orc priest closely misses you.
As you read the scroll labelled WOYMAA KEAVON, it crumbles to dust.
You hear the flapping of tiny wings.
The orc is knocked back by the sudden gust.
The orc priest is knocked back by the sudden gust.
It was a scroll of butterflies.
You die...

#. .. #. #. #. .
#b#####.# ...###bb@ooo.#
#..b.bbb#################
....bbbb..(..............
#.#####b#...............#
#.#.#########......
#####b#.### #.#.#.#
..........#######.#.#.#
..###.#.#.......#......
#.#.#######.#.#####


You could see an orc priest (ally target) and 2 orcs.

Vanquished Creatures
  An orc wizard (D:2)
  A worm (D:2)
  3 dart slugs (D:1)
  An orc (D:2)
  4 bats (D:1)
  4 endoplasms
  A giant cockroach (D:1)
  7 hobgoblins
  3 kobolds
  2 quokkas (D:1)
  7 ball pythons
  3 rats
37 creatures vanquished.

Notes
Turn   | Place    | Note
-------+----------+-------------------------------------------
     0 | D:1      | rundlesten the Octopode Hedge Wizard began the quest for
                  | the Orb.
     0 | D:1      | Reached XP level 1. HP: 11/11 MP: 4/4
    48 | D:1      | Reached XP level 2. HP: 14/17 MP: 3/6
   189 | D:1      | Found a faded altar of an unknown god.
   599 | D:1      | Reached XP level 3. HP: 21/21 MP: 2/7
   603 | D:1      | Learned a level 3 spell: Mephitic Cloud
  1852 | D:2      | Reached skill level 1 in Air Magic
  1852 | D:2      | Reached skill level 1 in Poison Magic
  1852 | D:2      | Reached XP level 4. HP: 14/27 MP: 9/9
  1855 | D:2      | Gained mutation: You have hidden genetic defects. [potion
                  | of mutation]
  1855 | D:2      | Lost mutation: You have hidden genetic defects. [potion of
                  | mutation]
  1855 | D:2      | Gained mutation: Your mind is acute. (Int +4, Str/Dex -1)
                  | [potion of mutation]
  1855 | D:2      | HP: 1/27 [poisoned by miscasting Mephitic Cloud]
  1856 | D:2      | Succumbed to miscasting Mephitic Cloud's poison

Illustrated notes

Levels and vault maps discovered:
D:1:      dpeg_arrival_rooms_a, layout_rooms, nicolae_ecumenical_snake_handling,
          minmay_tromino_v4_c
D:2:      layout_basic, feat_on_display

Skill      XL: |  1  2  3 |
---------------+----------+-----
Stealth        | 3 |  3.7
Air Magic      | 1 |  1.0
Poison Magic   | 1 |  1.4
Dodging        | |  2.5
Spellcasting   | |  3.3
Conjurations   | |  1.8
Summonings     | |  1.0
Translocations | |  1.0

Action                     |  1- 3 |  4- 6 || total
---------------------------+-------+-------++-------
  Melee: Dagger            |    25 |       ||    25
         Constrict         |     9 |     1 ||    10
         Tentacles         |     8 |     1 ||     9
         Punch             |     2 |       ||     2
         Short sword       |     9 |     1 ||    10
   Cast: Magic Dart        |    72 |       ||    72
    Use: Scroll            |       |     1 ||     1
         Potion            |       |     1 ||     1
   Stab: Sleeping          |     1 |       ||     1
 Armour: Skin              |     4 |       ||     4
  Dodge: Dodged            |    18 |     1 ||    19
